 Dungeon Crawl Stone Soup version 0.28.0-45-g0d030f2227 (webtiles) character file.

Game seed: 10367119993962403026

102 MisterFreud the Changer (level 4, -6/35 HPs)
             Began as a Draconian Transmuter on Apr 17, 2022.
             Blown up by Ijyb (18 damage)
             ... with a mindburst bolt
             ... on level 3 of the Dungeon.
             The game lasted 00:02:11 (2817 turns).

MisterFreud the Changer (Draconian Transmuter)      Turns: 2817, Time: 00:02:11

Health: -6/35      AC:  2    Str: 12    XL:     4   Next: 50%
Magic:  5/7        EV: 19    Int: 15    God:
Gold:   56         SH:  0    Dex: 17    Spells: 1/7 levels left

rFire   . . .      SeeInvis .     - Unarmed
rCold   . . .      Faith    .   (shield currently unavailable)
rNeg    . . .      Spirit   .   (armour unavailable)
rPois   x          Reflect  .   (helmet currently unavailable)
rElec   .          Harm     .   (cloak currently unavailable)
rCorr   .          Rampage  .   (gloves currently unavailable)
Will    .....                   (boots currently unavailable)
Stlth   ++........              (no amulet)
HPRegen 0.11/turn               (no ring)
MPRegen 0.10/turn               (no ring)

@: spider-form (expiring)
A: venomous fangs, AC +5, tiny, unfitting armour, (cold-blooded)
a: End Transformation


You were on level 3 of the Dungeon.
You were a venomous arachnid creature.
You visited 1 branch of the dungeon, and saw 3 of its levels.

You collected 56 gold pieces.

Inventory:

Missiles
 f - 2 poisoned darts
Wands
 h - a wand of flame (9)
Scrolls
 a - a scroll of fog {unknown}
 b - 2 scrolls of teleportation {unknown}
 g - a scroll of immolation {unknown}
Potions
 c - 2 potions of attraction {unknown}
 d - a potion of berserk rage {unknown}
 e - a potion of heal wounds {unknown}
 i - a potion of flight {unknown}


   Skills:
 - Level 1.1 Fighting
 - Level 1.8 Dodging
 - Level 3.0 Unarmed Combat
 - Level 2.0 Spellcasting
 + Level 4.7 Transmutations


You had one spell level left.
You knew the following spells:

 Your Spells              Type           Power      Damage    Failure   Level
a - Beastly Appendage     Tmut           30%        N/A       11%         1
b - Wereblood             Tmut           15%        N/A       14%         2
c - Spider Form           Tmut/Pois      8%         N/A       47%         3

Your spell library contained the following spells:

 Spells                   Type           Power      Damage    Failure   Level
 Gell's Gravitas          Tloc           1%         N/A       75%         3
 Lesser Beckoning         Tloc           1%         N/A       75%         3
 Teleport Other           Tloc           1%         N/A       75%         3
 Ice Form                 Ice/Tmut       8%         N/A       82%         4


Dungeon Overview and Level Annotations

Branches:
Dungeon (3/15)

Altars:
Dithmenos

Annotations:
D:3 Ijyb


Innate Abilities, Weirdness & Mutations

You are a venomous arachnid creature.
You have poisonous fangs.
You are tiny and dextrous.
Your spellcasting is less reliable in this form.
Your armour is entirely melded.
You are incapable of wielding weapons or throwing items.
((Your plain brown scales are hard. (AC +5)))
You cannot fit into any form of body armour.
((You are cold-blooded and may be slowed by cold attacks.))


Message History

You see here a hobgoblin skeleton.
h - a wand of flame (9)
Items here: )) [[ รท.
Things that are here:
a +0 dagger; a +0 dagger You see here a +0 dagger.
Found 14 stones.
i - a fuming cyan potion Ijyb the Twisted Goblin comes into view.
She is wielding a +0 club and carrying a wand of mindburst (10).
Ijyb shouts!
Ijyb is nearby!
Unknown command.
Unknown command.
Casting: Beastly Appendage (safe; 3% risk of failure)
Confirm with . or Enter, or press ? or * to list all spells.
The spell is quite dangerous to miscast (26% risk of failure)!
Continue anyway?
You turn into a venomous arachnid creature.
Ijyb zaps a wand.
Your mind is blasted!
Ouch! That really hurt!
You are too injured to fight recklessly!
You are too injured to fight recklessly!
Ijyb zaps a wand.
You barely resist. You hit Ijyb but do no damage.
Ijyb is poisoned.
Ijyb zaps a wand.
Your mind is blasted!
You hit Ijyb but do no damage.
Ijyb looks as sick as possible!
Ijyb misses you.
You hit Ijyb but do no damage.
Ijyb looks as sick as possible!
Ijyb is lightly wounded.
Ijyb barely misses you.
You hit Ijyb but do no damage.
Ijyb looks as sick as possible!
Ijyb is lightly wounded.
Ijyb hits you with a +0 club.
You hit Ijyb but do no damage.
Ijyb looks as sick as possible!
Ijyb is heavily wounded.
Your transformation is almost over.
Ijyb zaps a wand.
You barely resist. You hit Ijyb but do no damage.
Ijyb looks as sick as possible!
Ijyb is heavily wounded.
Ijyb zaps a wand.
Your mind is blasted!
Ouch! That really hurt!
You die...

.. . ########.
#.......# #.......#
#....... #.......#
#......
##.......#######.....
......gs......##....#
##..........#.##....#
#######....#..#....#
#....##.#....#
#....##.#....#
#........###.#
####.....###.#
#......##.####
#............#


You could see Ijyb (extremely poisoned).

Vanquished Creatures
  Robin (D:3)
  4 gnolls
  An adder (D:2)
  A dart slug (D:2)
  3 bats
  An endoplasm (D:2)
  3 giant cockroaches (D:2)
  6 hobgoblins
  2 jackals (D:2)
  2 quokkas
  2 ball pythons
  6 frilled lizards
  7 goblins
  A kobold (D:1)
  3 rats (D:2)
43 creatures vanquished.

Notes
Turn   | Place    | Note
-------+----------+-------------------------------------------
     0 | D:1      | MisterFreud the Draconian Transmuter began the quest for
                  | the Orb.
     0 | D:1      | Reached XP level 1. HP: 16/16 MP: 3/3
   802 | D:1      | Found a faded altar of an unknown god.
  1101 | D:2      | Reached XP level 2. HP: 23/23 MP: 3/5
  1285 | D:1      | Reached skill level 3 in Transmutations
  1308 | D:1      | Learned a level 2 spell: Wereblood
  1326 | D:2      | Reached XP level 3. HP: 19/28 MP: 4/6
  1330 | D:2      | Learned a level 3 spell: Spider Form
  1726 | D:2      | Reached skill level 4 in Transmutations
  1960 | D:2      | Reached XP level 4. HP: 35/35 MP: 7/7
  2429 | D:3      | Found a shadowy altar of Dithmenos.
  2444 | D:3      | Noticed Robin
  2469 | D:3      | Killed Robin
  2807 | D:3      | Noticed Ijyb
  2817 | D:3      | Blown up by Ijyb

Illustrated notes

Levels and vault maps discovered:
D:1:      evilmike_arrival_hilbert_curve, layout_basic,
          hellmonk_ecumenical_altar_pennies_from_heaven,
          kennysheep_small_spiral, hangedman_decor_points
D:2:      layout_basic
D:3:      layout_basic, general_overflow_altar, uniq_robin, uniq_grinder,
          uniq_ijyb

Skill      XL: |  1  2  3 |
---------------+----------+-----
Transmutations | 3 4 |  4.7
Fighting       | |  1.1
Dodging        | |  1.8
Unarmed Combat | |  3.0
Spellcasting   | |  2.0

Action                   |  1- 3 |  4- 6 || total
-------------------------+-------+-------++-------
Melee: Unarmed           |    69 |    41 ||   110
       Kick              |    17 |     2 ||    19
       Headbutt          |    12 |     3 ||    15
       Tailslap          |     4 |     2 ||     6
       Punch             |     2 |     1 ||     3
 Cast: Beastly Appendage |    17 |     3 ||    20
       Spider Form       |     1 |     2 ||     3
Armor: Skin              |    19 |     9 ||    28
Dodge: Dodged            |    39 |    20 ||    59
